Map: Abiogenesis LE

Players

ILIEKEGGPIE

  • Race: Protoss Protoss
  • League: Platinum
  • Spawn Location: 11:00

FireStorm - Winner!

  • Race: Terran Terran
  • Spawn Location: 5:00

VOD

Have the link to the VOD?

Description

Time

  • Played on: April 12, 2018, 12:49 a.m.
  • Length: 3:25
Show
View Real Time Build Order
Export as new Build Order

ILIEKEGGPIE Protoss 

Build Orders:  

Get SALT Encoding   

  12  0:18  Probe  
  13  0:25  Pylon  
  13  0:30  Probe (Chrono Boost)  
  14  0:41  Assimilator  
  14  0:42  Probe (Chrono Boost)  
  15  0:46  Gateway  
  15  0:58  Gateway, Probe  
  16  1:10  Probe (Chrono Boost)  
  17  1:19  Pylon  
  17  1:22  Probe (Chrono Boost)  
  18  1:27  Probe (Chrono Boost)  
  19  1:37  Cybernetics Core  
  19  1:40  Assimilator  
  19  1:43  Probe  
  20  1:55  Probe  
  21  2:07  Probe  
  22  2:17  Stargate  
  22  2:19  Adept (Chrono Boost), Probe  
Show
View Real Time Build Order
Export as new Build Order

FireStorm Terran - Winner!

Build Orders:  

Get SALT Encoding   

  12  0:00  SCV  
  13  0:12  SCV  
  14  0:16  Supply Depot  
  14  0:25  SCV  
  15  0:38  Barracks, SCV  
  16  0:44  Refinery  
  16  0:50  SCV  
  17  1:00  Barracks  
  17  1:12  Barracks  
  17  1:16  SCV  
  18  1:24  Refinery  
  18  1:28  Reaper  
  19  1:33  SCV  
  21  1:49  Reaper  
  21  1:53  Supply Depot  
  21  1:59  Reaper  
  22  2:06  Reaper  
  22  2:08  Supply Depot  
  23  2:15  SCV  
  24  2:21  Reaper  
  25  2:27  SCV  
  26  2:32  Reaper  
  27  2:38  Reaper  
  27  2:42  Engineering Bay  
Tags
 
League
Platinum
Matchup
PvT
Replay Pack
Multi
Spawn Locations
Cross Positions
Add a new tag
Caveats
  • Supply blocks, unpowered buildings, or Contaminate may cause inaccurate times.
  • Supply counts are checked every 10 seconds.